 Dungeon Crawl Stone Soup version 0.29.1-14-g9c671dbff4 (webtiles) character file.

Game seed: 2331341902273852297

249 Heoruswealwe the Conjurer (level 5, -7/28 HPs)
             Began as a Deep Elf Conjurer on Feb 13, 2023.
             Mangled by a fire elemental (11 damage)
             ... created by the fiery vengeance of Ignis
             ... on level 2 of the Dungeon.
             The game lasted 00:19:19 (1107 turns).

Heoruswealwe the Conjurer (Deep Elf Conjurer)       Turns: 1107, Time: 00:19:19

Health: -7/28      AC:  2    Str:  4    XL:     5   Next: 86%
Magic:  9/12       EV: 12    Int: 25    God:
Gold:   57         SH:  0    Dex: 13    Spells: 8/11 levels left

rFire   . . .      SeeInvis +   (no weapon)
rCold   . . .      Faith    .   (no shield)
rNeg    + . .      Spirit   .   a - +0 robe
rPois   .          Reflect  .   (no helmet)
rElec   .          Harm     .   (no cloak)
rCorr   .          Rampage  .   (no gloves)
Will    .....                   (no boots)
Stlth   ++........              (no amulet)
HPRegen 0.09/turn               A - ring of positive energy
MPRegen 0.13/turn               B - ring of see invisible

@: fire susceptible
A: no striking features
a: no special abilities


You were on level 2 of the Dungeon.
You visited 1 branch of the dungeon, and saw 2 of its levels.

You collected 57 gold pieces.

Inventory:

Hand Weapons
 b - a +0 spear
 d - a +0 club
 e - a +0 short sword
 h - a +0 club
 i - a +0 dagger
 k - a +0 club
 m - a +0 club
 p - a +0 dagger
 q - a +0 short sword
 s - a -1 hand axe
 u - a +0 scythe
 w - a +0 spear
 x - a +0 spear
 y - a +0 hand axe
 C - a +0 club
 E - a +0 mace
Missiles
 t - 11 stones
Armour
 a - a +0 robe (worn)
 j - a +0 plate armour
 l - a +0 leather armour
 v - a +0 robe
 D - the +0 pair of fencer's gloves {Riposte Dex+3}
   (You found it on level 2 of the Dungeon)

   It allows the wearer to riposte with melee weapons, swiftly retaliating
   against missed or blocked melee attacks.
   Dex:       It affects your dexterity (+3).
 F - a +0 ring mail
 G - a +0 scale mail
Magical Staves
 n - a staff of earth
Jewellery
 A - a ring of positive energy (left hand)
 B - a ring of see invisible (right hand)
Scrolls
 c - 2 scrolls of enchant weapon {unknown}
 f - a scroll of poison {unknown}
 g - a scroll of vulnerability {unknown}
 o - a scroll of blinking {unknown}
Potions
 r - 2 potions of curing {unknown}
 z - a potion of heal wounds {unknown}


   Skills:
 + Level 0.8 Fighting
 + Level 0.9 Short Blades
 + Level 2.7 Dodging
 + Level 3.1 Stealth
 * Level 3.9 Spellcasting
 * Level 4.8 Conjurations
 + Level 1.3 Hexes
 + Level 0.9 Summonings
 + Level 1.2 Necromancy
 + Level 1.0 Translocations
 + Level 1.1 Transmutations
 + Level 1.2 Fire Magic
 + Level 1.0 Ice Magic
 + Level 0.7 Air Magic
 + Level 1.0 Earth Magic
 + Level 1.0 Poison Magic
 + Level 0.9 Invocations
 + Level 0.9 Evocations


You had 8 spell levels left.
You knew the following spells:

 Your Spells              Type           Power      Damage    Failure   Level
a - Magic Dart            Conj           100%       1d8       1%          1
b - Searing Ray           Conj           58%        2d6       1%          2

Your spell library contained the following spells:

 Spells                   Type           Power      Damage    Failure   Level
 Dazzling Flash           Conj/Hex       40%        N/A       8%          3
 Call Imp                 Summ           9%         N/A       10%         2
 Mephitic Cloud           Conj/Pois/Air  16%        N/A       11%         3
 Portal Projectile        Hex/Tloc       20%        N/A       17%         3
 Call Canine Familiar     Summ           9%         N/A       19%         3
 Fulminant Prism          Conj/Hex       10%        3d9       26%         4
 Iskenderun's Mystic Bla  Conj/Tloc      19%        2d6       26%         4
 Leda's Liquefaction      Hex/Erth       5%         N/A       50%         4
 Animate Armour           Summ/Erth      18%        N/A       52%         4
 Blade Hands              Tmut           5%         N/A       85%         5
 Iron Shot                Conj/Erth      9%         9d3       99%         6


Dungeon Overview and Level Annotations

Branches:
Dungeon (2/15)

Altars:
Ignis

Shops:
D:1 :


Message History

(Press . to maintain the ray.)
Casting: Searing Ray (safe; 1% risk of failure)
Confirm with . or Enter, or press ? or * to list all spells.
Restarting spell: Searing Ray (safe; 1% risk of failure)
Press: ? - help, Shift-Dir - straight line, f/p - Terence
Aim: Terence, wielding a +0 mace and wearing a +0 ring mail (moderately wounded, 82% to hit)
The searing ray hits Terence.
Terence is severely wounded. (Press . to maintain the ray.)
The searing ray hits Terence!
You kill Terence!
Your Translocations skill increases to level 1!
Your Poison Magic skill increases to level 1!
Things that are here:
a +0 mace; a +0 ring mail
E - a +0 mace;
F - a +0 ring mail A kobold comes into view.
It is wielding a +0 short sword.
The kobold moves out of view.
You see here a +0 scale mail.
G - a +0 scale mail "Betrayer!
Apostate!
Perish!" 3 fire elementals come into view.
Things that are here:
a +0 spear; a gnoll skeleton
Casting: Searing Ray (safe; 1% risk of failure)
Confirm with . or Enter, or press ? or * to list all spells.
Okay, then.
Press: ? - help, v - describe, . - travel
Here: a fire elemental (durably summoned)
The floor.
Really attack while wielding nothing?
Okay, then.
Press: ? - help, v - describe, . - travel The floor.
The fire elemental completely misses you.
The fire elemental hits you. The fire elemental burns you!
The fire elemental hits you. The fire elemental burns you!
* * * LOW HITPOINT WARNING * * *
The fire elemental hits you. The fire elemental burns you!
You die...

..... .... ..... #..
...## .# ##.. ...# .#
#... ######.####.# #
#.....○...○.# ###
#....○☼○☼○..### #..
#...EEE○......###....#
#....@..°...#.##...#
#....<......#.....####
#.....................
#..........>##..###...
#..########......##....
.... #......#..### ....
#......#.## K.
#......#.# ###........#


You could see 3 fire elementals and a kobold (wandering).

Vanquished Creatures
  Sigmund (D:2)
  Terence (D:2)
  4 gnolls (D:2)
  An adder (D:2)
  3 endoplasms
  A giant cockroach (D:1)
  4 goblins
  6 hobgoblins
  A quokka (D:1)
  A ball python (D:2)
  2 bats
  2 frilled lizards
  3 kobolds (D:1)
  A rat (D:1)
31 creatures vanquished.

Notes
Turn   | Place    | Note
-------+----------+-------------------------------------------
     0 | D:1      | Heoruswealwe the Deep Elf Conjurer began the quest for the
                  | Orb.
     0 | D:1      | Reached XP level 1. HP: 10/10 MP: 6/6
     5 | D:1      | Found Esaurhoz's Book Boutique.
   178 | D:1      | Reached XP level 2. HP: 15/15 MP: 6/8
   707 | D:2      | Found a faded altar of an unknown god.
   724 | D:2      | Prayed at the altar of an unknown god.
   724 | D:2      | Became a worshipper of Ignis, the Dying Flame
   726 | D:2      | Fell from the grace of Ignis
   797 | D:2      | Reached XP level 3. HP: 19/19 MP: 5/9
   833 | D:2      | Learned a level 2 spell: Searing Ray
   837 | D:2      | Noticed Sigmund
   844 | D:2      | Killed Sigmund
   845 | D:2      | Reached skill level 1 in Hexes
   845 | D:2      | Reached skill level 1 in Transmutations
   845 | D:2      | Reached skill level 1 in Fire Magic
   845 | D:2      | Reached skill level 1 in Ice Magic
   845 | D:2      | Reached skill level 1 in Earth Magic
   845 | D:2      | Reached XP level 4. HP: 23/24 MP: 0/11
   845 | D:2      | Reached XP level 5. HP: 27/28 MP: 0/12
   872 | D:2      | Reached skill level 1 in Necromancy
  1055 | D:2      | Found the +0 pair of fencer's gloves {Riposte Dex+3}
  1088 | D:2      | Noticed Terence
  1092 | D:2      | Killed Terence
  1093 | D:2      | Reached skill level 1 in Translocations
  1093 | D:2      | Reached skill level 1 in Poison Magic
  1103 | D:2      | Noticed a fire elemental
  1103 | D:2      | Noticed a fire elemental
  1103 | D:2      | Noticed a fire elemental
  1107 | D:2      | Mangled by a fire elemental

Illustrated notes

Levels and vault maps discovered:
D:1:      mrwooster_arrival_arrow, layout_basic, serial_shops, shop,
          minmay_misc_feat_square
D:2:      layout_rooms, ebering_ecumenical_altar_rust, basic_altar,
          uniq_terence, uniq_sigmund

Skill      XL: |  1  2  3  4  5 |
---------------+----------------+-----
Hexes          | 1 |  1.3
Transmutations | 1 |  1.1
Fire Magic     | 1 |  1.2
Ice Magic      | 1 |  1.0
Earth Magic    | 1 |  1.0
Necromancy     | 1 |  1.2
Stealth        | 3 |  3.1
Translocations | 1 |  1.0
Poison Magic   | 1 |  1.0
Fighting       | |  0.8
Short Blades   | |  0.9
Dodging        | |  2.7
Spellcasting   | |  3.9
Conjurations   | |  4.8
Summonings     | |  0.9
Air Magic      | |  0.7
Invocations    | |  0.9
Evocations     | |  0.9

Action                   |  1- 3 |  4- 6 || total
-------------------------+-------+-------++-------
 Cast: Magic Dart        |    40 |    17 ||    57
       Searing Ray       |     3 |     6 ||     9
Invok: Renounce Religion |     1 |       ||     1
  Use: Potion            |       |     1 ||     1
Armor: Robe              |     2 |     4 ||     6
Dodge: Dodged            |     1 |     5 ||     6
